 Dungeon Sprint DCSS version 0.26-a0-712-ga5a9c9c9d0 (webtiles) character file.

Game seed: 11233024306982280210

66 tsouns the Sneak (level 4, -3/31 HPs)
             Began as an Octopode Hedge Wizard on Nov 9, 2020.
             Slain by an orc wizard
             ... wielding a +0 dagger
              (4 damage)
             ... in the Dungeon (Sprint IX: "|||||||||||||||||||||||||||||").
             The game lasted 00:02:41 (458 turns).

tsouns the Sneak (Octopode Hedge Wizard)             Turns: 458, Time: 00:02:42

Health: -3/31      AC:  1    Str:  9    XL:     4   Next: 15%
Magic:  2/10       EV: 14    Int: 17    God:
Gold:   0          SH:  0    Dex: 11    Spells: 4/11 levels left

rFire    . . .     SeeInvis .   a - +0 dagger
rCold    . . .     Faith    .   (no shield)
rNeg     . . .     Spirit   .   b - +0 hat
rPois    .         Reflect  .   (no amulet)
rElec    .         Harm     .   (no ring)
rCorr    .         Rampage  .   (no ring)
MR       .....     NoTele   +   (no ring)
Stlth    ++++......             (no ring)
HPRegen  0.10/turn              (no ring)
MPRegen  0.12/turn              (no ring)
                                (no ring)
                                (no ring)

@: hasted and slowed
A: almost no armour, stealthy swim, amphibious, 8 rings, constrict 8, camouflage
1, gelatinous body 1
a: no special abilities


You were in the Dungeon.
You visited 1 branch

Inventory:

Hand Weapons
 a - a +0 dagger (weapon)
Armour
 b - a +0 hat (worn)
Scrolls
 i - a scroll of blinking
Potions
 g - 2 potions of magic


   Skills:
 + Level 3.2 Fighting
 + Level 3.9 Dodging
 + Level 5.5 Stealth
 + Level 4.3 Spellcasting
 + Level 3.4 Conjurations
 - Level 1.0 Summonings
 - Level 1.0 Translocations


You had 4 spell levels left.
You knew the following spells:

 Your Spells              Type           Power        Failure   Level
a - Magic Dart            Conj           ###.         3%          1
b - Call Imp              Summ           #.......     16%         2
c - Blink                 Tloc           N/A          16%         2
d - Slow                  Hex            #.......     24%         2

Your spell library contained the following spells:

 Spells                   Type           Power        Failure   Level
 Conjure Flame            Conj/Fire      #.......     22%         3
 Mephitic Cloud           Conj/Pois/Air  #.......     28%         3


Dungeon Overview and Level Annotations

Branches:
Dungeon (1/1)

Altars:


Innate Abilities, Weirdness & Mutations

You cannot wear most types of armour.
You are very stealthy in the water. (Stealth+)
You are amphibious.
You can wear up to eight rings at the same time.
You can use your tentacles to constrict eight enemies at once.
Your skin changes colour to match your surroundings (Stealth+).
Your rubbery body absorbs attacks. (AC +1, EV +1)


Message History

Casting: Magic Dart (safe; 3% risk of failure)
Confirm with . or Enter, or press ? or * to list all spells.
Aiming: Magic Dart (safe; 3% risk of failure)
Press: ? - help, Shift-Dir - straight line, f - orc wizard
Aim: an orc wizard, wielding a +0 dagger and wearing a +0 robe (lightly wounded, fast)
The magic dart hits the orc wizard but does no damage.
The orc wizard is lightly wounded.
The orc wizard hits you with a +0 dagger.
* * * LOW HITPOINT WARNING * * *
Your crimson imp blinks!
Your magical contamination has completely faded away.
Casting: Magic Dart (safe; 3% risk of failure)
Confirm with . or Enter, or press ? or * to list all spells.
Aiming: Magic Dart (safe; 3% risk of failure)
Press: ? - help, Shift-Dir - straight line, f/p - orc wizard
Aim: an orc wizard, wielding a +0 dagger and wearing a +0 robe (lightly wounded, fast)
The magic dart hits the orc wizard.
The orc wizard is moderately wounded.
The orc wizard hits you with a +0 dagger.
You die...

▓)▓
▓)▓
▓.▓
▓.▓
▓.▓
▓§▓
▓§▓
▓o▓
▓@▓
▓†▓
▓.▓
▓.▓
▓+▓


You could see an orc wizard (fast).

Vanquished Creatures
  A worker ant (D)
  An ooze (D)
  A dart slug (D)
  A bat skeleton (D)
  A goblin (D)
  A hobgoblin (D)
  A jackal (D)
  A kobold (D)
8 creatures vanquished.

Vanquished Creatures (collateral kills)
  A scorpion (D)
1 creature vanquished.

Grand Total: 9 creatures vanquished

Notes
Turn   | Place    | Note
-------+----------+-------------------------------------------
     0 | D        | tsouns the Octopode Hedge Wizard began the quest for the
                  | Orb.
     0 | D        | Reached XP level 1. HP: 11/11 MP: 4/4
     5 | D        | Reached skill level 3 in Stealth
    14 | D        | Reached skill level 1 in Fighting
    18 | D        | Reached XP level 2. HP: 13/18 MP: 0/6
   156 | D        | Learned a level 2 spell: Call Imp
   159 | D        | Learned a level 2 spell: Blink
   164 | D        | Learned a level 2 spell: Slow
   189 | D        | Noticed a scorpion
   205 | D        | Killed a scorpion
   205 | D        | Reached skill level 5 in Stealth
   205 | D        | Reached XP level 3. HP: 25/25 MP: 5/8
   228 | D        | Reached XP level 4. HP: 22/31 MP: 2/10
   457 | D        | HP: 1/31 [orc wizard/+0 dagger (4)]
   458 | D        | Slain by an orc wizard

Illustrated notes

Levels and vault maps discovered:
D:        linesprint [early_d, line_temple, items_1, d_10, items_2, lair_1,
          lair_end, items_3, orc_1, orc_end, items_4, d_15, swamp_1, shoals_1,
          snake_1, spider_1, d_20, vaults_1, items_5, swamp_end, shoals_end,
          snake_end, spider_end, vaults_end, d_27, items_6, zot_1, zot_end,
          crypt_end, forest_end, elf_end, slime_end, tomb_end, abyss_end,
          pan_hell_end]

Skill      XL: |  1  2  3 |
---------------+----------+-----
Stealth        | 3 5 |  5.5
Fighting       | 1 2 3 |  3.2
Conjurations   | 2 3 |  3.4
Dodging        | 3 |  3.9
Spellcasting   | 4 |  4.3
Summonings     | |  1.0
Translocations | |  1.0

Action                   |  1- 3 |  4- 6 || total
-------------------------+-------+-------++-------
Melee: Dagger            |    16 |     5 ||    21
       Constrict         |     2 |     1 ||     3
 Cast: Magic Dart        |     3 |     5 ||     8
       Call Imp          |     3 |     1 ||     4
  Use: Potion            |     3 |     1 ||     4
 Stab: Sleeping          |     2 |       ||     2
Armor: Skin              |     1 |     2 ||     3
Dodge: Dodged            |     7 |    15 ||    22

Table legend: (Time is in decaauts)
 A = Elapsed time spent in this place.
 B = Non-inter-level travel time spent in this place.
 C = Inter-level travel time spent in this place.
 D = Time resting spent in this place.
 E = Time spent auto-exploring this place.
 F = Levels seen in this place.
 G = Mean time per level.
                   A        B        C        D        E       F      G
               +--------+--------+--------+--------+--------+-----+--------+
         Total |    469 |    469 |      0 |    364 |      8 |   1 |  469.0 |
       Dungeon |    469 |    469 |      0 |    364 |      8 |   1 |  469.0 |
               +--------+--------+--------+--------+--------+-----+--------+

Top non-repeatable levels by time:
       D: 469 daAuts
